 Dungeon Crawl Stone Soup version 0.19.3-4-gbf9329e (webtiles) character file.

12389 Jerry the Carver (level 11, 0/80 HPs)
             Began as a Minotaur Gladiator on Jan 28, 2017.
             Was an Elder of Dithmenos.
             Slain by a red ugly thing (20 damage)
             ... on level 11 of the Dungeon.
             The game lasted 00:46:20 (12954 turns).

Jerry the Carver (Minotaur Gladiator)              Turns: 12954, Time: 00:46:24

Health: 0/80       AC: 14    Str: 20    XL:     11   Next: 61%
Magic:  17/17      EV: 12    Int:  5    God:    Dithmenos [****..]
Gold:   721        SH:  0    Dex: 14    Spells: 1 memorised, 9 levels left

rFire  . . .     SeeInvis +     a - +1 long sword
rCold  . . .     Gourm    .     m - +0 chain mail
rNeg   . . .     Faith    .     (no shield)
rPois  +         Spirit   .     K - +0 hat {SInv}
rElec  .         Reflect  .     F - +0 cloak
rCorr  .         Harm     .     (no gloves)
MR     .....     Clarity  +     (no boots)
Stlth  ..........               (no amulet)
                                L - ring of stealth
                                s - ring of poison resistance

@: wreathed by umbra
A: retaliatory headbutt, horns 2, blink, clarity, high mp 1, wild magic 1
a: Blink, Shadow Step, Renounce Religion


You were on level 11 of the Dungeon.
You worshipped Dithmenos.
Dithmenos was greatly pleased with you.
You were not hungry.

You visited 2 branches of the dungeon, and saw 12 of its levels.
You also visited: Sewer and Bailey.

You collected 721 gold pieces.

Inventory:

Hand Weapons
 a - a +1 long sword (weapon)
Missiles
 u - 15 javelins (quivered)
Armour
 m - a +0 chain mail (worn)
 F - a +0 cloak (worn)
 K - a +0 hat of see invisible (worn)
Jewellery
 s - a ring of poison resistance (left hand)
 L - a ring of stealth (right hand)
Wands
 b - a wand of slowing (34/48)
 w - a wand of paralysis (24/24)
 x - a wand of confusion (22/48)
 y - a wand of lightning (8/15)
 C - a wand of paralysis (9/24)
Scrolls
 c - 2 scrolls of recharging
 g - 6 scrolls of teleportation
 h - a scroll of fear
 k - 2 scrolls of blinking
 l - 2 scrolls of identify
 n - a scroll of immolation
 t - a scroll of enchant weapon
 z - a scroll of enchant armour
 B - 3 scrolls of remove curse
 G - a scroll of summoning
Potions
 e - 4 potions of curing
 j - a potion of ambrosia
 p - 2 potions of haste
 r - a potion of invisibility
 v - a potion of mutation
 A - a potion of lignification
 D - 2 potions of heal wounds
 E - 5 potions of flight
 I - a potion of resistance
 N - a potion of berserk rage
 O - 3 potions of magic
 P - a potion of cure mutation
Books
 o - a book of Callings

   Spells                             Type                      Level
   a - Summon Small Mammal            Summoning                    1
   b - Call Imp                       Summoning                    2
   c - Call Canine Familiar           Summoning                    3
   d - Summon Guardian Golem          Hexes/Summoning              3
   e - Summon Lightning Spire         Summoning/Air                4
   f - Summon Ice Beast               Ice/Summoning                4
 H - a book of Cantrips

   Spells                             Type                      Level
   a - Confusing Touch                Hexes                        1
   b - Animate Skeleton               Necromancy                   1
   c - Summon Small Mammal            Summoning                    1
   d - Apportation                    Translocation                1
Comestibles
 d - 10 chunks of flesh
 f - 11 bread rations
 i - 8 meat rations
 q - 3 fruits
 J - 6 beef jerkies


   Skills:
 - Level 2.4 Fighting
 + Level 13.3 Long Blades
 - Level 2.0 Throwing
 + Level 12.6 Armour
 + Level 7.9 Dodging
 + Level 8.1 Invocations


You had 9 spell levels left.
You knew the following spells:

 Your Spells              Type           Power        Failure   Level  Hunger
a - Animate Skeleton      Necr           N/A          100%        1    ##.....


Dungeon Overview and Level Annotations

Branches:
Dungeon (11/15)            Temple (1/1) D:5            Lair (0/6) D:10
    Orc: D:9-12

Altars:
Ashenzari
Cheibriados
Dithmenos
Elyvilon
Fedhas
Gozag
Hepliaklqana
Kikubaaqudgha
Makhleb
Nemelex Xobeh
Okawaru
Qazlal
Ru
Sif Muna
Trog
Uskayaw
Vehumet
Xom
Yredelemnul
Zin
The Shining One

Annotations:
D:3 smzp's ghost, amateur OgBe
D:8 Kloppie's ghost, novice DsBe


Innate Abilities, Weirdness & Mutations

You reflexively headbutt those who attack you in melee.
You have a pair of horns on your head.
You can translocate small distances at will.
You possess an exceptional clarity of mind.
You have an increased reservoir of magic. (+10% MP)
Your spells are a little harder to cast, but a little more powerful.


Message History

Your headbutt misses the red ugly thing.
The red ugly thing is severely wounded.
Your shadow hits the red ugly thing but does no damage.
The red ugly thing bites you!
You are engulfed in flames!
Your chain mail prevents you from hitting the red ugly thing.
You headbutt the red ugly thing!
The red ugly thing is almost dead.
The howler monkey hits you but does no damage.
The red ugly thing bites you but does no damage.
You closely miss the red ugly thing.
The red ugly thing is almost dead.
The howler monkey hits you but does no damage.
You slash the red ugly thing!
Your headbutt misses the red ugly thing.
The red ugly thing is almost dead.
The howler monkey hoots and howls with incredible vigour!
The red ugly thing bites you!
* * * LOW HITPOINT WARNING * * *
You are engulfed in flames!!
You die...

##.........##
............
#..$......#
#.........#
#.........#
#.........#
#....†uh..#
#.....@...#
#.........#
######.####
#..# ##.## #..#
####'##########
#...........(.#
#...(....<....#


You could see a red ugly thing and a howler monkey.

Vanquished Creatures
  The ghost of Peloso the Carver, a journeyman MiFi of Okawaru (D:10)
  Erica (D:8)
  The ghost of fatfloppyjuicyveiny the Spear-Bearer, a novice OpBe of Trog (Bailey)
  2 hill giants (D:10)
  2 cyclopes
  An elephant (D:10)
  A two-headed ogre (D:8)
  A hornet (D:10)
  Prince Ribbit (D:8)
  A hippogriff (D:7)
  13 yaks
  Eustachio (D:5)
  A hungry ghost (D:7)
  Grum (D:8)
  Menkaure (D:6)
  An orc warrior (Bailey)
  A black bear (D:10)
  4 ice beasts
  6 sky beasts
  2 wolves (D:8)
  4 phantoms
  A necrophage (D:7)
  A centaur (D:5)
  5 ogres
  A crocodile (D:10)
  5 bullfrogs
  4 big kobolds
  A scorpion (D:8)
  7 killer bees
  2 howler monkeys (D:11)
  4 wights (D:10)
  A crimson imp (D:5)
  3 bullfrog zombies
  3 jellies
  A centaur skeleton (D:4)
  3 orc priests
  5 hounds
  11 orc wizards
  3 iguanas
  2 worker ants (D:8)
  A merfolk avatar (Sewer)
  A siren (Sewer)
  A killer bee zombie (D:9)
  2 hound zombies
  A hound skeleton (D:9)
  A howler monkey zombie (D:8)
  19 gnolls
  4 river rats (Sewer)
  17 adders
  2 oozes
  An adder zombie (D:7)
  2 adder skeletons
  5 worms
  A dart slug (D:1)
  10 leopard geckos
  32 orcs
  4 ball pythons
  8 giant cockroaches
  38 goblins
  30 hobgoblins
  8 jackals
  22 kobolds
  3 quokkas
  2 bats
  8 frilled lizards
  24 rats
357 creatures vanquished.

Vanquished Creatures (collateral kills)
  Maurice (D:10)
  A troll (D:10)
2 creatures vanquished.

Vanquished Creatures (others)
  4 fungi
4 creatures vanquished.

Grand Total: 363 creatures vanquished

Notes
Turn   | Place    | Note
-------+----------+-------------------------------------------
     0 | D:1      | Jerry the Minotaur Gladiator began the quest for the Orb.
     0 | D:1      | Reached XP level 1. HP: 18/18 MP: 0/0
    44 | D:1      | Reached skill level 4 in Long Blades
    44 | D:1      | Reached skill level 1 in Armour
    44 | D:1      | Reached XP level 2. HP: 23/25 MP: 1/1
   662 | D:1      | Reached XP level 3. HP: 29/30 MP: 2/2
  1077 | D:2      | Found a glowing golden altar of the Shining One.
  1208 | D:2      | Found a sacrificial altar of Ru.
  1324 | D:2      | Reached skill level 5 in Long Blades
  1341 | D:2      | Reached XP level 4. HP: 31/37 MP: 3/3
  1702 | D:3      | Noticed smzp's ghost (amateur OgBe)
  2497 | D:3      | Reached XP level 5. HP: 39/42 MP: 4/4
  2576 | D:3      | Reached skill level 6 in Long Blades
  2576 | D:3      | Reached skill level 5 in Armour
  2576 | D:3      | Reached XP level 6. HP: 34/50 MP: 5/5
  3037 | D:3      | Reached skill level 7 in Long Blades
  3321 | D:3      | Found a burning altar of Makhleb.
  3325 | D:3      | Reached XP level 7. HP: 56/56 MP: 6/6
  3612 | D:4      | Found a stormy altar of Qazlal.
  4093 | D:5      | Entered Level 5 of the Dungeon
  4232 | D:5      | Found a staircase to the Ecumenical Temple.
  4247 | D:5      | Reached skill level 8 in Long Blades
  4250 | Temple   | Entered the Ecumenical Temple
  4300 | Temple   | Became a worshipper of Dithmenos the Shadowed
  4367 | D:5      | Noticed Eustachio
  4389 | D:5      | Killed Eustachio
  4389 | D:5      | Reached XP level 8. HP: 13/62 MP: 7/7
  4742 | D:5      | Reached skill level 9 in Long Blades
  4759 | D:5      | Gained mutation: You evolve. [mutagenic meat]
  5368 | D:5      | Found a hazy altar of Hepliaklqana.
  5468 | D:6      | Reached skill level 1 in Invocations
  5492 | D:6      | Reached skill level 10 in Long Blades
  5777 | D:6      | Noticed Menkaure
  5804 | D:6      | Killed Menkaure
  5891 | D:6      | Reached XP level 9. HP: 63/68 MP: 9/9
  5894 | D:6      | Got a jasper-studded leather armour
  5906 | D:6      | Identified the +0 leather armour of the Guardian {+Fly Dex+5} (You took it off an orc on level 6 of the Dungeon)
  5956 | D:6      | Found a glowing drain.
  5959 | D:6      | Reached * piety under Dithmenos
  5981 | Sewer    | Entered a sewer
  6134 | Sewer    | Gained mutation: Your spells are a little harder to cast, but a little more powerful. [evolution]
  6134 | Sewer    | Lost mutation: You evolve. [end of evolution]
  6189 | Sewer    | Reached ** piety under Dithmenos
  6523 | D:6      | Found a glowing silver altar of Zin.
  7147 | D:7      | Reached skill level 10 in Armour
  7499 | D:7      | Reached skill level 11 in Long Blades
  7885 | D:8      | Found a glowing silver altar of Zin.
  7888 | D:8      | Noticed Kloppie's ghost (novice DsBe)
  7968 | D:7      | Gained mutation: You can translocate small distances at will. [potion of mutation]
  7968 | D:7      | Gained mutation: You have an increased reservoir of magic. (+10% MP) [potion of mutation]
  7968 | D:7      | Gained mutation: You possess an exceptional clarity of mind. [potion of mutation]
  8090 | D:8      | Noticed Erica
  8098 | D:8      | Killed Erica
  8098 | D:8      | Reached skill level 5 in Invocations
  8130 | D:8      | Found an ancient bone altar of Kikubaaqudgha.
  8142 | D:8      | Reached XP level 10. HP: 73/73 MP: 14/14
  8452 | D:8      | Noticed Prince Ribbit
  8456 | D:8      | Reached *** piety under Dithmenos
  8474 | D:8      | Killed Prince Ribbit
  8592 | D:8      | Reached skill level 5 in Dodging
  8637 | D:8      | Noticed Grum
  8649 | D:8      | Killed Grum
  8837 | D:8      | Noticed a cyclops
  8850 | D:8      | Killed a cyclops
  8945 | D:8      | Reached skill level 12 in Long Blades
 10453 | D:10     | Entered Level 10 of the Dungeon
 10514 | D:10     | Found a flagged portal.
 10521 | Bailey   | Entered a bailey
 10522 | Bailey   | Noticed fatfloppyjuicyveiny's ghost (novice OpBe)
 10532 | Bailey   | Killed fatfloppyjuicyveiny's ghost
 10595 | Bailey   | Reached **** piety under Dithmenos
 11100 | D:10     | Noticed Maurice
 11113 | D:10     | Killed Maurice
 11145 | D:10     | Learned a level 1 spell: Animate Skeleton
 11177 | D:10     | Reached XP level 11. HP: 79/79 MP: 16/16
 11191 | D:10     | Found a staircase to the Lair.
 11349 | D:10     | Paralysed by a hornet for 3 turns
 11636 | D:10     | Noticed Peloso's ghost (journeyman MiFi)
 11795 | D:10     | Noticed a hill giant
 11803 | D:10     | Killed a hill giant
 12040 | D:10     | Reached skill level 13 in Long Blades
 12388 | D:10     | Killed Peloso's ghost
 12841 | D:10     | Noticed a hill giant
 12875 | D:10     | Killed a hill giant
 12938 | D:11     | Noticed a red ugly thing
 12954 | D:11     | Slain by a red ugly thing

Skill      XL: |  1  2  3  4  5  6  7  8  9 10 11 |
---------------+----------------------------------+-----
Long Blades    | 4 5 6 7 8 10 11 12 13 | 13.3
Armour         | 1 2 3 5 6 7 9 10 11 12 | 12.6
Invocations    | 2 5 7 8 |  8.1
Dodging        | 4 6 7 |  7.9
Fighting       | |  2.4
Throwing       | |  2.0

Action                   |  1- 3 |  4- 6 |  7- 9 | 10-12 || total
-------------------------+-------+-------+-------+-------++-------
Melee: Long sword        |    61 |   196 |   379 |   567 ||  1203
       Headbutt          |    10 |    34 |    82 |   143 ||   269
Throw: Throwing net      |       |       |     5 |     2 ||     7
       Javelin           |       |       |     1 |     4 ||     5
  Use: Scroll            |       |       |    21 |     6 ||    27
       Potion            |       |       |     1 |     7 ||     8
 Stab: Held in net/web   |       |       |     3 |     2 ||     5
  Eat: Chunk             |     1 |     6 |    17 |    14 ||    38
       Beef jerky        |       |     1 |       |     1 ||     2
       Fruit             |       |       |     1 |       ||     1
       Pizza             |       |       |     1 |       ||     1
Armor: Leather armour    |     2 |       |       |       ||     2
       Chain mail        |    28 |   120 |   149 |   177 ||   474
       Scale mail        |       |       |    18 |       ||    18
       Skin              |       |       |       |    25 ||    25
Dodge: Dodged            |    34 |   102 |   180 |   251 ||   567
       Rpst.: Long sword |    13 |    23 |    39 |    60 ||   135
